AoeStats
← Nachomac

Arabia

509495249Analyzed
1v1 RM · 4d ago on Sep 27, 2026· 67m 35s· 2 players
Game mode
Random Map
Map size
Tiny (2 player)
Population
200
Speed
Normal
Resources
Standard
Victory
Conquest
Starting age
Dark Age
Ending age
Imperial Age
RankedLock teamsTeams togetherTeam positionsShared explorationLock speedFull tech treeHidden civsTurbo modeCheats
Victory
Defeat
🇨🇱 Persians · Chile
1509
+18
🇦🇷 Varangians · Argentina
1559
-18
Nachomac
5:49 Loom
8:57 Feudal Age
10:34 Horse Collar
12:39 Double-Bit Axe
14:59 Wheelbarrow
19:55 Castle Age
19:40 Gold Mining
20:10 Scale Barding Armor
20:15 Forging
20:16 Bloodlines
20:48 Bow Saw
20:46 Heavy Plow
22:30 Husbandry
28:35 Chain Barding Armor
31:36 Gold Shaft Mining
32:05 Stone Mining
33:38 Iron Casting
36:27 Imperial Age
34:15 Hand Cart
34:28 Town Watch
35:56 Stone Shaft Mining
36:12 Scale Mail Armor
36:09 Heavy Camel Rider
37:26 Plate Barding Armor
38:42 Blast Furnace
39:01 Two-Man Saw
39:11 Conscription
38:45 Fletching
39:10 Kamandaran
39:40 Conscription
39:37 Masonry
39:36 Thumb Ring
39:46 Crossbowman
40:23 Bodkin Arrow
41:00 Architecture
40:23 Cavalier
41:07 Padded Archer Armor
43:16 Hoardings
43:43 Chemistry
42:55 Cavalier
44:36 Leather Archer Armor
45:44 Ballistics
44:55 Light Cavalry
48:56 Ring Archer Armor
49:42 Crop Rotation
49:57 Hussar
wR.Baxter
6:06 Loom
8:37 Feudal Age
9:40 Double-Bit Axe
18:48 Castle Age
17:19 Bloodlines
17:22 Gold Mining
17:38 Fletching
17:40 Horse Collar
18:36 Padded Archer Armor
19:24 Bodkin Arrow
19:57 Bow Saw
22:02 Husbandry
24:44 Wheelbarrow
25:50 Ballistics
27:00 Stone Mining
32:18 Squires
34:56 Imperial Age
32:42 Town Watch
33:12 Heavy Plow
33:35 Leather Archer Armor
32:56 Pikeman
34:24 Scale Mail Armor
34:35 Forging
36:05 Chain Mail Armor
36:10 Bracer
35:57 Cranequins
37:39 Conscription
37:04 Halberdier
39:33 Chemistry
39:36 Heavy Mounted Crossbowman
42:08 Plate Mail Armor
42:32 Iron Casting
42:41 Murder Holes
45:06 Ring Archer Armor
52:27 Town Patrol
53:59 Light Cavalry
54:48 Scale Barding Armor
56:07 Chain Barding Armor
56:14 Hussar
60:09 Blast Furnace
Connection lost

Rejoining the realm…

Still unreachable

The connection could not be restored.

Session expired

The server has moved on; the page needs a fresh start.